 Dungeon Crawl Stone Soup version 0.22.1-1-ga44c0e5 (webtiles) character file.

147549 Fang the Severer (level 17, 0/112 HPs)
             Began as a Gargoyle Berserker on Sept 20, 2018.
             Was the Champion of Trog.
             Slain by a stone giant (9 damage)
             ... on level 2 of the Depths.
             The game lasted 01:09:29 (31871 turns).

Fang the Severer (Gargoyle Berserker)              Turns: 31871, Time: 01:09:29

Health: 0/112      AC: 35    Str: 36    XL:     17   Next: 47%
Magic:  17/17      EV: 15    Int: 15    God:    Trog [******]
Gold:   1884       SH:  0    Dex: 13    Spells: 16/16 levels left

rFire    + + .     SeeInvis +   C - +9 battleaxe of Trog's Reproof {venom, rF+ Str+2}
rCold    + . .     Gourm    .   (shield currently unavailable)
rNeg     + + .     Faith    .   y - +2 scale mail of Ekheomni {MR+ Str+3}
rPois    ∞         Spirit   .   p - +2 helmet of Megad {SInv Stlth+}
rElec    +         Reflect  .   x - +2 cloak {MR+}
rCorr    .         Harm     .   (no gloves)
MR       ++++.                  t - +0 pair of boots "Qantota" {rC+ MR+ Str+2}
Stlth    ++++++....             K - amulet of Borub {+Rage Str+3 Int+3 Slay+3}
HPRegen  0.28/turn              R - ring "Epokatho" {rF+ rN+ Int+2 Dex+4 Stlth+}
MPRegen  0.15/turn              H - +3 ring of protection

@: berserk cooldown, flying, slowed, very slow
A: big wings, negative energy resistance 1, electricity resistance, unbreathing,
petrification resistance, rot immunity, AC +12
a: Stop Flying, Berserk, Trog's Hand, Brothers in Arms, Renounce Religion, Evoke
Berserk Rage


You were on level 2 of the Depths.
You worshipped Trog.
Trog was exalted by your worship.
You were not hungry.

You visited 9 branches of the dungeon, and saw 30 of its levels.
You also visited: Bailey.

You collected 2610 gold pieces.
You spent 726 gold pieces at shops.

Inventory:

Hand Weapons
 a - a +1 hand axe of freezing
 b - a +3 battleaxe of chopping
 C - the +9 battleaxe of Trog's Reproof (weapon) {venom, rF+ Str+2}
   (Trog gifted it to you on level 10 of the Dungeon)

   It poisons the flesh of those it strikes.
   It affects your strength (+2).
   It protects you from fire.
 M - a +6 antimagic executioner's axe
Armour
 p - the +2 helmet of Megad (worn) {SInv Stlth+}
   (You found it on level 7 of the Dungeon)

   It lets you see invisible.
   It makes you more stealthy.
 t - the +0 pair of boots "Qantota" (worn) {rC+ MR+ Str+2}
   (You bought it in a shop on level 2 of the Orcish Mines)

   It affects your strength (+2).
   It protects you from cold.
   It affects your resistance to hostile enchantments.
 x - a +2 cloak of magic resistance (worn)
 y - the +2 scale mail of Ekheomni (worn) {MR+ Str+3}
   (You found it on level 7 of the Dungeon)

   It affects your strength (+3).
   It affects your resistance to hostile enchantments.
 O - a scarf of spirit shield
Jewellery
 H - a +3 ring of protection (right hand)
 K - the amulet of Borub (around neck) {+Rage Str+3 Int+3 Slay+3}
   (You found it on level 11 of the Dungeon)

   [amulet of rage]

   It affects your strength (+3).
   It affects your intelligence (+3).
   It affects your accuracy and damage with ranged weapons and melee attacks
   (+3).
   It lets you go berserk.
 P - an uncursed amulet of regeneration
 R - the ring "Epokatho" (left hand) {rF+ rN+ Int+2 Dex+4 Stlth+}
   (You bought it in a shop on level 2 of the Orcish Mines)

   [ring of intelligence]

   It affects your intelligence (+2).
   It affects your dexterity (+4).
   It protects you from fire.
   It protects you from negative energy.
   It makes you more stealthy.
Wands
 d - a wand of disintegration (13)
 q - a wand of flame (91)
 s - a wand of iceblast (35)
 w - a wand of random effects (21)
 z - a wand of paralysis (29)
 F - a wand of acid (7)
 I - a wand of digging (11)
Scrolls
 g - 5 scrolls of enchant armour
 l - 9 scrolls of remove curse
 m - 12 scrolls of teleportation
 A - a scroll of blinking
 B - 13 scrolls of identify
 D - 2 scrolls of fog
 N - a scroll of magic mapping
Potions
 e - 3 potions of cancellation
 f - 2 potions of might
 h - 2 potions of berserk rage
 j - 2 potions of haste
 k - 7 potions of lignification
 n - 2 potions of heal wounds
 o - 2 potions of magic
 r - 2 potions of brilliance
 u - a potion of agility
 v - 6 potions of curing
 E - a potion of ambrosia
 G - 3 potions of resistance
Miscellaneous
 L - a phial of floods
Comestibles
 c - 36 rations
 i - 2 chunks of flesh


   Skills:
 + Level 14.9 Fighting
 + Level 19.4 Axes
 + Level 11.1 Armour
 + Level 7.9 Dodging
 + Level 11.9 Stealth
 + Level 0.8 Evocations


You had 16 spell levels left.
You didn't know any spells.
Your spell library was empty.

Dungeon Overview and Level Annotations

Branches:
Dungeon (15/15)            Temple (1/1) D:5            Lair (6/6) D:10
 Shoals (1/4) Lair:4       Spider (0/4) Lair:4        Slime (1/5) Lair:5
    Orc (2/2) D:10            Elf (1/3) Orc:2        Vaults (0/5) D:13
 Depths (2/5) D:15           Hell (1/1)
    Dis: Hell:1         Geh: Hell:1         Coc: Hell:1         Tar: Hell:1

Altars:
Ashenzari
Cheibriados
Dithmenos
Fedhas
Hepliaklqana
Nemelex Xobeh
Okawaru
Ru
Sif Muna
Trog
Wu Jian
Yredelemnul
Zin
Beogh

Shops:
D:11 =(**   D:13 ?   Orc:2 =%%[   Depths:1 =}=!

Portals:
Hell: Depths:1
Trove: D:10 (give +3 shadow dragon scales)

Annotations:
Depths:1 1 transporter
Hell Geryon


Innate Abilities, Weirdness & Mutations

You are resistant to torment.
Your stone body is resilient. (AC +12)
You are immune to poison.
Your large and strong wings let you fly indefinitely.
You resist negative energy. (rN+)
You are resistant to electric shocks. (rElec)
You can survive without breathing.
You are immune to petrification.
You are immune to rotting.


Message History

The wraith disappears in a puff of smoke!
The phantasmal warrior disappears in a puff of smoke!
The stone giant throws a large rock.
The large rock hits you!!
* * * LOW HITPOINT WARNING * * *
Unknown command.
The stone giant throws a large rock.
The large rock hits your cyclops.
Unknown command.
Your surroundings suddenly seem different.
Found an escape hatch in the floor.
Unknown command.
You start resting.
The stone giant is too close now for your liking.
A stone giant is nearby!
A stone giant is nearby!
Your cyclops hits the stone giant but does no damage.
Your cyclops is no longer berserk.
Your cyclops disappears in a puff of smoke!
The stone giant hits you but does no damage.
The stone giant hits you!
You die...

P.....P≈≈≈PP# #########......
≈.##...≈.≈≈P# ......
.#######≈≈P.###########......
.............................
........(............>.......
.#######)#####.#......#
...#####.### # #......#
.#.#...#)[.# #.#.C....#
##.#.#.#[#.# #..@.....#
##.#.#.#.#.###########.#
##.#.#.#.#.#...# .#
#.#.#.#.#.#.#.##### .#
#.#.))))#.#.#.#...# #
##.#.#####.#.#.#.#.###
.....[...#...#...#..<#
######################


You could see a stone giant.

Vanquished Creatures
  A lich (Depths:1)
  Gastronok (Lair:3)
  A frost giant (Depths:2)
  Louise (D:15)
  2 orc warlords
  3 stone giants
  4 very ugly things (Depths:2)
  A juggernaut skeleton (Depths:2)
  3 vampire knights
  3 entropy weavers (Lair:5)
  The ghost of wevryn the Peltast, a journeyman FoFi of Okawaru (Lair:4)
  A dire elephant (D:15)
  2 ettins (Depths:1)
  A merfolk impaler (Shoals:1)
  A merfolk javelineer (Depths:1)
  2 yaktaur captains (Depths:1)
  5 vault guards
  6 hydras
  Erolcha (D:10)
  2 ghost crabs (Lair:5)
  2 catoblepae (Lair:6)
  Erica (D:8)
  A death knight (D:15)
  4 merfolk aquamancers (Shoals:1)
  6 two-headed ogres
  The ghost of Tsarbomb the Severer, a novice HOFi of Qazlal (D:10)
  A deep troll shaman (Lair:6)
  10 death yaks
  A tengu warrior (Depths:1)
  An ogre mage (D:15)
  2 vampire magi (Depths:2)
  6 orc high priests (Orc:2)
  Sonja (Lair:5)
  6 hell knights (Depths:2)
  5 skeletal warriors (D:15)
  6 fire crabs (Lair:5)
  2 sea snakes (Shoals:1)
  A wizard (D:15)
  2 unseen horrors
  2 necromancers (Depths:2)
  An orc knight (Orc:2)
  A phantasmal warrior (D:15)
  A harpy (shapeshifter) (Depths:1)
  A wolf spider zombie (D:15)
  5 orc sorcerers
  11 ugly things
  A salamander (D:15)
  A wolf spider (D:15)
  7 cyclopes
  2 manticores
  6 deep elf magi
  2 elephants (Lair:6)
  A frost giant skeleton (Depths:2)
  Maurice (D:8)
  A centaur zombie (D:14)
  A stone giant skeleton (Depths:2)
  An apocalypse crab (Lair:5)
  A guardian serpent (shapeshifter) (D:13)
  4 merfolk sirens (Shoals:1)
  2 gargoyles
  5 black mambas
  Psyche (D:8)
  9 spiny frogs
  2 rime drakes
  A tengu conjurer (Depths:1)
  5 komodo dragons
  3 freezing wraiths
  9 yaktaurs
  9 trolls
  A merfolk (Shoals:1)
  3 meliai (D:13)
  Prince Ribbit (D:6)
  A hornet (D:11)
  A queen bee (Lair:2)
  A polar bear (Lair:6)
  Grinder (D:5)
  10 blink frogs (Lair:5)
  A tyrant leech (D:14)
  2 hornets (shapeshifter) (Depths:1)
  2 snapping turtles
  12 slime creatures
  9 hippogriffs
  3 redbacks (Lair:4)
  2 water elementals
  43 yaks
  5 vampires
  A human (D:4)
  2 wraiths
  4 hungry ghosts
  Grum (D:8)
  3 basilisks
  A steam dragon (D:13)
  4 vampire mosquitoes
  13 wargs
  Edmund (D:6)
  16 water moccasins
  A meliai simulacrum (D:15)
  12 porcupines
  19 orc warriors
  5 sky beasts
  4 ice beasts
  5 black bears
  2 eyes of draining
  2 phantoms
  A hornet zombie (D:9)
  11 ogres
  19 wolves
  13 centaurs
  5 big kobolds
  9 crocodiles
  18 bullfrogs
  Blork the orc (D:5)
  A wyvern skeleton (D:12)
  7 scorpions
  26 killer bees
  7 wights
  3 electric eels
  5 crimson imps
  2 bullfrog zombies
  3 hounds
  6 centaur skeletons
  44 orc priests
  4 jellies
  A human skeleton (D:4)
  4 iguanas
  Jessica (D:2)
  Natasha (thrice) (D:2)
  23 orc wizards
  6 hell rats (Lair:6)
  11 worker ants
  A hound skeleton (D:5)
  2 worker ant zombies
  5 gnolls (D:10)
  A howler monkey skeleton (D:10)
  11 adders
  2 shadow imps
  4 worms
  7 dart slugs
  3 leopard geckos
  88 orcs
  6 ball pythons
  9 bats
  8 giant cockroaches
  7 hobgoblins
  7 jackals
  35 kobolds
  6 quokkas
  2 frilled lizards
  10 goblins
  A goblin skeleton (D:4)
  A leopard gecko skeleton (D:7)
  9 rats
  2 fungi
  5 plants
858 creatures vanquished.

Vanquished Creatures (collateral kills)
  A lich (Depths:2)
  2 vault guards (D:13)
  3 hydras
  A black mamba (Lair:6)
  2 spiny frogs
  A polar bear (Lair:6)
  A hippogriff (Lair:6)
  2 water moccasins (Lair:1)
  2 bullfrogs (Lair:1)
15 creatures vanquished.

Vanquished Creatures (others)
  An orc (D:9)
  8 fungi
  30 plants
39 creatures vanquished.

Grand Total: 912 creatures vanquished

Notes
Turn   | Place    | Note
-------+----------+-------------------------------------------
     0 | D:1      | Fang the Gargoyle Berserker began the quest for the Orb.
     0 | D:1      | Reached XP level 1. HP: 14/14 MP: 1/1
   408 | D:1      | Reached XP level 2. HP: 19/19 MP: 2/2
   468 | D:1      | Reached skill level 3 in Axes
   548 | D:1      | Reached XP level 3. HP: 20/24 MP: 3/3
  1186 | D:2      | Reached ** piety under Trog
  1415 | D:2      | Noticed Natasha
  1424 | D:2      | Killed Natasha
  1424 | D:2      | Reached XP level 4. HP: 29/29 MP: 4/4
  1614 | D:2      | Noticed Natasha
  1647 | D:2      | Killed Natasha
  1971 | D:2      | Reached skill level 4 in Axes
  1999 | D:2      | Noticed Jessica
  2005 | D:2      | Reached XP level 5. HP: 33/33 MP: 5/5
  2014 | D:2      | Killed Jessica
  2014 | D:2      | Reached skill level 1 in Stealth
  2223 | D:2      | Found an ornate altar of the Wu Jian Council.
  2338 | D:2      | Noticed Natasha
  2349 | D:2      | Killed Natasha
  2906 | D:3      | Found a sacrificial altar of Ru.
  2909 | D:3      | Reached XP level 6. HP: 39/39 MP: 6/6
  2926 | D:3      | Reached *** piety under Trog
  3063 | D:3      | Found a sparkling altar of Nemelex Xobeh.
  3442 | D:4      | Reached skill level 5 in Axes
  3691 | D:4      | Found a snail-covered altar of Cheibriados.
  3721 | D:4      | Reached XP level 7. HP: 38/44 MP: 7/7
  3817 | D:4      | Found a runed door.
  3817 | D:4      | Noticed a human
  3829 | D:4      | Found a basalt altar of Yredelemnul.
  4004 | D:4      | Killed a human
  4004 | D:4      | Reached skill level 5 in Fighting
  4280 | D:4      | Reached skill level 6 in Axes
  4706 | D:5      | Entered Level 5 of the Dungeon
  4741 | D:5      | Reached XP level 8. HP: 25/49 MP: 8/8
  5181 | D:5      | Reached **** piety under Trog
  5412 | D:5      | Found a staircase to the Ecumenical Temple.
  5452 | D:5      | Noticed Blork the orc
  5465 | D:5      | Killed Blork the orc
  5499 | Temple   | Entered the Ecumenical Temple
  5658 | D:6      | Noticed Grinder
  5672 | D:6      | Reached skill level 7 in Axes
  5691 | D:5      | HP: 2/51 [Grinder (7)]
  5916 | D:6      | Noticed Edmund
  5930 | D:6      | Killed Edmund
  6083 | D:5      | Paralysed by Grinder for 3 turns
  6090 | D:5      | Killed Grinder
  6090 | D:5      | Reached XP level 9. HP: 56/56 MP: 9/9
  6188 | D:6      | Reached skill level 8 in Axes
  6259 | D:6      | Reached skill level 5 in Stealth
  6543 | D:6      | Noticed Prince Ribbit
  6559 | D:6      | Killed Prince Ribbit
  6887 | D:7      | Got a scorched scale mail
  6898 | D:7      | Identified the +2 scale mail of Ekheomni {MR+ Str+3} (You
                  | found it on level 7 of the Dungeon)
  7072 | D:7      | Reached ***** piety under Trog
  7112 | D:7      | Found a shattered altar of Ashenzari.
  7469 | D:7      | Got a dazzling helmet
  7475 | D:7      | Identified the +2 helmet of Megad {SInv Stlth+} (You found
                  | it on level 7 of the Dungeon)
  7568 | D:7      | Reached skill level 9 in Axes
  7892 | D:7      | Reached XP level 10. HP: 56/63 MP: 10/10
  7976 | D:7      | Found a bloodstained altar of Trog.
  7991 | D:7      | Reached skill level 5 in Dodging
  8269 | D:8      | HP: 1/63 [orc priest/divine providence (13)]
  8597 | D:8      | Received a gift from Trog
  8678 | D:8      | Noticed Maurice
  8690 | D:8      | Killed Maurice
  8786 | D:8      | Noticed Psyche
  8801 | D:8      | Killed Psyche
  8952 | D:8      | Reached skill level 10 in Axes
  8979 | D:8      | Noticed Grum
  8996 | D:8      | Killed Grum
  9464 | D:8      | Found a hazy altar of Hepliaklqana.
  9464 | D:8      | Noticed Erica
  9484 | D:8      | Killed Erica
  9862 | D:9      | Found a blossoming altar of Fedhas.
  9887 | D:9      | Reached XP level 11. HP: 68/68 MP: 3/11
  9957 | D:9      | Reached skill level 11 in Axes
  9957 | D:9      | Reached skill level 5 in Armour
 10364 | D:9      | Found a glowing silver altar of Zin.
 10634 | D:9      | Noticed an orc sorcerer
 10644 | D:9      | Killed an orc sorcerer
 10827 | D:10     | Entered Level 10 of the Dungeon
 10846 | D:10     | Noticed Erolcha
 10857 | D:10     | Noticed a death yak
 10858 | D:10     | Noticed a death yak
 10863 | D:10     | Killed Erolcha
 10865 | D:10     | Found a staircase to the Lair.
 10867 | D:10     | Noticed a death yak
 10876 | D:10     | Killed a death yak
 10883 | D:10     | Killed a death yak
 10884 | D:10     | Killed a death yak
 10884 | D:10     | Reached skill level 12 in Axes
 11141 | D:10     | Noticed a two-headed ogre
 11149 | D:10     | Killed a two-headed ogre
 11189 | D:10     | Found a runed gate.
 11190 | D:10     | Found a runed gate.
 11191 | D:10     | Noticed Tsarbomb's ghost (novice HOFi)
 11192 | D:10     | Found a runed gate.
 11198 | D:10     | Found a staircase to the Orcish Mines.
 11260 | D:10     | Found a flagged portal.
 11287 | Bailey   | Entered a bailey
 11287 | Bailey   | Noticed an orc knight
 11290 | Bailey   | Noticed an orc knight
 11292 | Bailey   | Noticed an orc knight
 11650 | D:10     | Received a gift from Trog
 11656 | D:10     | Got a faintly glowing battleaxe {god gift}
 11657 | D:10     | Identified the +9 battleaxe of Trog's Reproof {venom, rF+
                  | Str+2} (Trog gifted it to you on level 10 of the Dungeon)
 11772 | D:10     | Found a portal to a secret trove of treasure.
 11944 | D:10     | Found a deep blue altar of Sif Muna.
 12134 | Lair:1   | Entered Level 1 of the Lair of Beasts
 12136 | Lair:1   | Reached XP level 12. HP: 76/76 MP: 12/12
 12700 | Lair:1   | Found a dark tunnel.
 13157 | Lair:2   | Reached skill level 10 in Fighting
 13163 | Lair:2   | Reached skill level 13 in Axes
 13397 | Lair:2   | Received a gift from Trog
 13972 | Lair:3   | Noticed Gastronok
 13981 | Lair:3   | Killed Gastronok
 14467 | Lair:4   | Found a hole to the Spider Nest.
 14477 | Lair:4   | Reached XP level 13. HP: 79/83 MP: 13/13
 14487 | Lair:4   | Found a transporter.
 14531 | Lair:4   | Noticed wevryn's ghost (journeyman FoFi)
 14533 | Lair:4   | Found a transporter.
 15238 | Lair:4   | Found a staircase to the Shoals.
 15248 | Lair:4   | Reached skill level 14 in Axes
 15734 | Lair:5   | Found a staircase to the Slime Pits.
 15759 | Lair:5   | Noticed Sonja
 15769 | Lair:5   | Killed Sonja
 15969 | Lair:5   | Found a deep blue altar of Sif Muna.
 16188 | Lair:5   | Found a runed door.
 16428 | Lair:5   | Noticed an entropy weaver
 16438 | Lair:5   | Killed an entropy weaver
 16523 | Lair:5   | Reached skill level 15 in Axes
 16652 | Lair:5   | Noticed an entropy weaver
 16659 | Lair:5   | Killed an entropy weaver
 16724 | Lair:5   | Noticed an entropy weaver
 16729 | Lair:5   | Killed an entropy weaver
 17023 | Lair:6   | Entered Level 6 of the Lair of Beasts
 17059 | Lair:6   | Gained mutation: Your large and strong wings let you fly
                  | indefinitely. [Gargoyle growth]
 17059 | Lair:6   | Reached XP level 14. HP: 35/90 MP: 14/14
 17860 | Lair:6   | Received a gift from Trog
 18295 | Lair:6   | Reached skill level 10 in Stealth
 18760 | D:11     | Found Joahunec's Weapon Emporium.
 18765 | D:11     | Found Otygeu's Jewellery Boutique.
 18814 | D:11     | Found Igemut's Assorted Antiques.
 19014 | D:11     | Reached skill level 16 in Axes
 19056 | D:11     | Found Qouroy's Assorted Antiques.
 19248 | D:11     | Got a fine iron amulet
 19761 | D:12     | Found a frozen archway.
 20261 | D:13     | Identified the amulet of Borub {+Rage Str+3 Int+3 Slay+3}
                  | (You found it on level 11 of the Dungeon)
 20296 | D:13     | Found Oma Ytek's Magic Scroll Emporium.
 20863 | D:13     | Reached XP level 15. HP: 58/97 MP: 15/15
 21019 | D:13     | Found a gate to the Vaults.
 22290 | D:14     | Reached skill level 17 in Axes
 22474 | D:14     | Reached ****** piety under Trog
 22674 | D:14     | Found the +12 Vampire's Tooth {vamp}
 22876 | D:15     | Entered Level 15 of the Dungeon
 23006 | D:15     | Noticed Louise
 23018 | D:15     | Killed Louise
 23218 | D:15     | Received a gift from Trog
 23256 | D:15     | Reached skill level 10 in Armour
 23957 | D:15     | Found a staircase to the Depths.
 24093 | D:15     | Reached XP level 16. HP: 57/104 MP: 16/16
 24670 | Orc:1    | Entered Level 1 of the Orcish Mines
 25362 | Orc:2    | Entered Level 2 of the Orcish Mines
 25456 | Orc:2    | Received a gift from Trog
 25469 | Orc:2    | Reached skill level 18 in Axes
 25543 | Orc:2    | Found a roughly hewn altar of Beogh.
 25678 | Orc:2    | Found Wittemu's Jewellery Emporium.
 25678 | Orc:2    | Found Gaicoh's Food Shop.
 25862 | Orc:2    | Bought the ring "Epokatho" {rF+ rN+ Int+2 Dex+4 Stlth+} for
                  | 479 gold pieces
 25890 | Orc:2    | Found a staircase to the Elven Halls.
 26619 | Orc:2    | Found Haopp's Antique Armour Shop.
 26623 | Orc:2    | Received a gift from Trog
 26820 | Orc:2    | Found Jiach's Food Emporium.
 26841 | Orc:2    | Bought a pair of brightly glowing boots for 247 gold pieces
 26846 | Orc:2    | Identified the cursed +0 pair of boots "Qantota" {rC+ MR+
                  | Str+2} (You bought it in a shop on level 2 of the Orcish
                  | Mines)
 27242 | D:10     | Killed Tsarbomb's ghost
 27566 | Depths:1 | Entered Level 1 of the Depths
 27566 | Depths:1 | Found Gosin's Distillery.
 28363 | Depths:1 | Found Ysumooff's Jewellery Shop.
 28363 | Depths:1 | Found Qoremnit's Gadget Emporium.
 28371 | Depths:1 | Found Rublued's Jewellery Shop.
 28587 | Depths:1 | Found a transporter.
 29022 | Depths:1 | Found a gateway to Hell.
 29173 | Depths:1 | Noticed a lich
 29180 | Depths:1 | Noticed an Executioner
 29183 | Depths:1 | Killed a lich
 29434 | Hell     | Entered the Vestibule of Hell
 29434 | Hell     | Noticed Geryon
 29768 | Shoals:1 | Entered Level 1 of the Shoals
 30169 | Lair:4   | Received a gift from Trog
 30183 | Lair:4   | Killed wevryn's ghost
 30183 | Lair:4   | Reached XP level 17. HP: 103/112 MP: 17/17
 30377 | Elf:1    | Entered Level 1 of the Elven Halls
 30832 | Slime:1  | Entered Level 1 of the Pits of Slime
 31258 | Depths:2 | Reached skill level 19 in Axes
 31536 | Depths:2 | Noticed a lich
 31841 | Depths:2 | Received a gift from Trog
 31858 | Depths:2 | Killed a lich
 31858 | Depths:2 | HP: 3/112 [stone giant/large rock (32)]
 31871 | Depths:2 | Slain by a stone giant

Skill      XL: |  1  2  3  4  5  6  7  8  9 10 11 12 13 14 15 16 17 |
---------------+----------------------------------------------------+-----
Axes           | 3 4 5 6 7 9 10 12 13 15 16 17 18 19 | 19.4
Fighting       | 4 5 6 7 8 9 10 11 12 13 14 | 14.9
Dodging        | 2 3 4 5 6 7 |  7.9
Stealth        | 1 3 4 5 6 7 8 9 10 11 | 11.9
Armour         | 3 4 6 7 8 9 10 11 | 11.1
Evocations     | |  0.8

Action                   |  1- 3 |  4- 6 |  7- 9 | 10-12 | 13-15 | 16-18 || total
-------------------------+-------+-------+-------+-------+-------+-------++-------
Melee: Hand axe          |   106 |   199 |   437 |     9 |       |       ||   751
       War axe           |       |       |       |   345 |       |       ||   345
       Battleaxe         |       |       |       |   167 |   689 |   465 ||  1321
Invok: Berserk           |     1 |     4 |     9 |    13 |    18 |    10 ||    55
       Brothers in Arms  |       |       |       |     1 |     6 |     1 ||     8
 Abil: Fly               |       |       |       |       |     1 |       ||     1
Evoke: Wand              |       |       |       |     4 |       |     1 ||     5
  Use: Potion            |       |       |     1 |     1 |     1 |     2 ||     5
       Scroll            |       |       |    15 |    12 |     9 |     5 ||    41
 Stab: Sleeping          |       |    10 |    14 |    18 |    26 |    12 ||    80
       Paralysed         |       |     1 |       |       |       |       ||     1
       Distracted        |       |       |       |     3 |     4 |     1 ||     8
       Petrified         |       |       |       |       |    12 |       ||    12
       Petrifying        |       |       |       |       |     1 |       ||     1
  Eat: Chunk             |     2 |    12 |    19 |    27 |    26 |    22 ||   108
       Ration            |       |       |     1 |     2 |     8 |     4 ||    15
Armor: Animal skin       |    39 |    60 |    79 |       |       |       ||   178
       Scale mail        |       |       |    78 |   273 |   463 |   171 ||   985
Dodge: Dodged            |    52 |   125 |   262 |   321 |   431 |   191 ||  1382
